[ AOE2 MATCH · #460076451 ]
UnrankedDravidians vs Turks
[ REPLAY ANALYSIS · EXTRACTED FROM THE RECORDED GAME ]
Feudal
11:13
Castle
29:58
Imperial
—
| APM avg | 12.0 |
| APM peak | 31 |
| eAPM avg | 7.5 |
| Villagers / military | 42 / 40 |
Focus
⚔️ 29.7% · 🌾 70.3%
Militia ×28 · Spearman ×12 · Trade Cart ×2
Feudal
13:20
Castle
22:42
Imperial
—
| APM avg | 11.9 |
| APM peak | 42 |
| eAPM avg | 7.8 |
| Villagers / military | 52 / 15 |
Focus
⚔️ 13.4% · 🌾 86.6%
Spearman ×15 · Trade Cart ×3
Feudal
—
Castle
—
Imperial
—
| APM avg | 21.0 |
| APM peak | 42 |
| eAPM avg | 8.0 |
| Villagers / military | 58 / 20 |
Focus
⚔️ 10.8% · 🌾 89.2%
Janissary ×11 · Trade Cart ×10 · Spearman ×9
Feudal
—
Castle
—
Imperial
—
| APM avg | 53.6 |
| APM peak | 145 |
| eAPM avg | 12.6 |
| Villagers / military | 48 / 67 |
Focus
⚔️ 15.7% · 🌾 84.3%
Archer ×44 · Camel Scout ×18 · Militia ×3 · Spearman ×2
Feudal
12:36
Castle
29:18
Imperial
—
| APM avg | 15.2 |
| APM peak | 44 |
| eAPM avg | 9.4 |
| Villagers / military | 48 / 68 |
Focus
⚔️ 23.8% · 🌾 76.2%
Militia ×48 · Spearman ×10 · Trade Cart ×10 · Petard ×9 · Battle Elephant ×1
Feudal
13:41
Castle
22:41
Imperial
—
| APM avg | 29.8 |
| APM peak | 82 |
| eAPM avg | 11.5 |
| Villagers / military | 86 / 27 |
Focus
⚔️ 16.6% · 🌾 83.4%
Eagle Scout ×26 · Trade Cart ×13 · Monk ×1
Feudal
10:51
Castle
20:52
Imperial
—
| APM avg | 20.0 |
| APM peak | 42 |
| eAPM avg | 11.0 |
| Villagers / military | 84 / 32 |
Focus
⚔️ 15.2% · 🌾 84.8%
Camel Scout ×14 · Spearman ×5 · Trade Cart ×5 · Elephant Archer ×5 · Armored Elephant ×5 · Monk ×3
Feudal
13:42
Castle
24:22
Imperial
—
| APM avg | 21.6 |
| APM peak | 54 |
| eAPM avg | 12.2 |
| Villagers / military | 103 / 38 |
Focus
⚔️ 20.7% · 🌾 79.3%
Knight ×12 · Kipchak ×12 · Militia ×8 · Battering Ram ×4 · Steppe Lancer ×2
Match map
Initial resources + every placement click. Lines = walls · curves = elevation contours. ◆ gold · ⬟ stone · ● berries · ✦ relic · ◌ wall gap
Inputs per minute
— Julitros - - BIperx
Build order — Julitros
114 actions detected in the replay
| 0:20 | Build | House |
| 0:21 | Create | Villager (Male) |
| 0:22 | Create | Villager (Male) |
| 0:28 | Create | Villager (Male) |
| 0:28 | Create | Villager (Male) |
| 0:40 | Build | House |
| 0:43 | Build | House |
| 1:34 | Create | Villager (Male) |
| 2:36 | Create | Villager (Male) |
| 2:36 | Create | Villager (Male) |
| 2:36 | Create | Villager (Male) |
| 3:09 | Create | Villager (Male) |
| 4:00 | Create | Villager (Male) |
| 4:00 | Create | Villager (Male) |
| 4:01 | Create | Villager (Male) |
| 5:24 | Build | Mill |
| 5:50 | Build | Mining Camp |
| 6:19 | Create | Villager (Male) |
| 6:19 | Create | Villager (Male) |
| 6:19 | Create | Villager (Male) |
| 6:31 | Create | Villager (Male) |
| 6:31 | Create | Villager (Male) |
| 7:29 | Create | Villager (Male) |
| 7:29 | Create | Villager (Male) |
| 8:06 | Build | House |
| 8:19 | Build | Barracks |
| 8:47 | Build | Farm |
| 8:49 | Build | Farm |
| 9:03 | Research | Feudal Age |
| 9:22 | Build | Farm |
| 10:13 | Build | Lumber Camp |
| 11:13 | Age | Feudal Age |
| 11:16 | Build | Farm |
| 11:56 | Research | Wheelbarrow |
| 11:58 | Create | Villager (Male) |
| 11:58 | Create | Villager (Male) |
| 12:04 | Research | Man-at-Arms (upgrade) |
| 12:07 | Create | Militia ×5 |
| 12:14 | Create | Villager (Male) |
| 12:23 | Build | Farm |
| 12:28 | Build | Farm |
| 12:33 | Research | Horse Collar |
| 13:08 | Research | Double-Bit Axe |
| 14:31 | Create | Militia |
| 14:31 | Create | Militia |
| 14:33 | Create | Spearman |
| 14:59 | Build | House |
| 15:36 | Build | Farm |
| 15:40 | Create | Militia |
| 15:40 | Create | Militia |
| 15:44 | Create | Spearman |
| 16:46 | Create | Militia ×5 |
| 17:20 | Build | Farm |
| 17:22 | Build | Farm |
| 17:24 | Build | Farm |
| 17:26 | Build | Farm |
| 17:41 | Create | Militia |
| 17:58 | Create | Villager (Male) |
| 17:59 | Create | Villager (Male) |
| 18:38 | Build | Farm |
| 19:32 | Build | House |
| 19:35 | Build | House |
| 19:47 | Build | Farm |
| 20:54 | Build | Blacksmith |
| 21:04 | Create | Militia ×5 |
| 21:06 | Create | Militia ×5 |
| 21:33 | Build | Mining Camp |
| 21:46 | Build | Market |
| 23:27 | Build | Farm |
| 23:38 | Build | Farm |
| 24:10 | Create | Villager (Male) |
| 24:10 | Create | Villager (Male) |
| 24:33 | Research | Arson |
| 25:24 | Build | Farm |
| 25:42 | Build | House |
| 25:47 | Build | House |
| 27:18 | Research | Castle Age |
| 27:30 | Build | Mining Camp |
| 27:39 | Create | Trade Cart |
| 27:40 | Create | Trade Cart |
| 27:52 | Create | Militia |
| 27:52 | Create | Militia |
| 27:52 | Create | Militia |
| 29:45 | Build | Farm |
| 29:58 | Age | Castle Age |
| 30:20 | Research | Squires |
| 30:35 | Create | Villager (Male) |
| 30:35 | Create | Villager (Male) |
| 30:36 | Create | Villager (Male) |
| 30:36 | Create | Villager (Male) |
| 30:36 | Create | Villager (Male) |
| 30:36 | Create | Villager (Male) |
| 31:17 | Build | Mining Camp |
| 32:14 | Build | Farm |
| 32:59 | Build | Farm |
| 33:09 | Build | Farm |
| 33:15 | Create | Spearman ×5 |
| 33:17 | Create | Spearman ×5 |
| 33:26 | Create | Villager (Male) |
| 33:27 | Create | Villager (Male) |
| 33:27 | Create | Villager (Male) |
| 33:27 | Create | Villager (Male) |
| 33:28 | Create | Villager (Male) |
| 33:28 | Create | Villager (Male) |
| 34:26 | Build | House |
| 34:28 | Build | House |
| 35:13 | Research | Pikeman (upgrade) |
| 35:23 | Research | Forging |
| 35:23 | Research | Scale Mail Armor |
| 35:55 | Build | Farm |
| 36:41 | Create | Villager (Male) |
| 36:44 | Create | Villager (Male) |
| 36:44 | Create | Villager (Male) |
| 36:48 | Create | Villager (Male) |
Build order — BIperx
139 actions detected in the replay
| 0:05 | Build | House |
| 0:06 | Build | House |
| 0:08 | Build | House |
| 0:10 | Create | Villager (Male) |
| 0:10 | Create | Villager (Male) |
| 0:10 | Create | Villager (Male) |
| 0:10 | Create | Villager (Male) |
| 1:36 | Create | Villager (Male) |
| 1:36 | Create | Villager (Male) |
| 2:54 | Create | Villager (Male) |
| 2:54 | Create | Villager (Male) |
| 2:54 | Create | Villager (Male) |
| 3:23 | Build | Mill |
| 3:44 | Create | Villager (Male) |
| 3:44 | Create | Villager (Male) |
| 3:45 | Create | Villager (Male) |
| 3:45 | Create | Villager (Male) |
| 4:47 | Create | Villager (Male) |
| 4:48 | Create | Villager (Male) |
| 4:48 | Create | Villager (Male) |
| 5:04 | Create | Villager (Male) |
| 5:04 | Create | Villager (Male) |
| 6:00 | Create | Villager (Male) |
| 6:00 | Create | Villager (Male) |
| 6:01 | Create | Villager (Male) |
| 6:01 | Create | Villager (Male) |
| 6:01 | Create | Villager (Male) |
| 6:28 | Create | Villager (Male) |
| 6:28 | Create | Villager (Male) |
| 6:37 | Build | House |
| 8:22 | Create | Villager (Male) |
| 8:23 | Create | Villager (Male) |
| 8:23 | Create | Villager (Male) |
| 9:34 | Build | House |
| 9:37 | Build | House |
| 10:22 | Build | Lumber Camp |
| 11:10 | Research | Feudal Age |
| 13:20 | Age | Feudal Age |
| 13:24 | Research | Wheelbarrow |
| 13:30 | Create | Villager (Male) |
| 13:30 | Create | Villager (Male) |
| 13:30 | Create | Villager (Male) |
| 13:30 | Create | Villager (Male) |
| 14:26 | Create | Villager (Male) |
| 14:38 | Research | Horse Collar |
| 15:08 | Build | Farm |
| 15:13 | Build | Farm |
| 15:21 | Build | Farm |
| 15:25 | Build | Farm |
| 15:31 | Build | Farm |
| 15:40 | Build | Mining Camp |
| 15:48 | Research | Loom |
| 16:14 | Build | Market |
| 16:43 | Build | Farm |
| 16:46 | Build | Farm |
| 16:48 | Build | Farm |
| 16:49 | Build | Farm |
| 16:51 | Build | Farm |
| 16:55 | Build | Farm |
| 16:57 | Build | Farm |
| 16:58 | Build | Farm |
| 17:01 | Build | Farm |
| 17:15 | Create | Villager (Male) |
| 17:15 | Create | Villager (Male) |
| 17:15 | Create | Villager (Male) |
| 17:16 | Create | Villager (Male) |
| 17:38 | Build | House |
| 18:05 | Build | House |
| 18:15 | Build | Stone Wall |
| 19:08 | Build | Blacksmith |
| 19:58 | Research | Double-Bit Axe |
| 20:02 | Research | Castle Age |
| 20:30 | Build | Stone Wall |
| 21:26 | Research | Gold Mining |
| 22:30 | Build | Stone Wall |
| 22:42 | Age | Castle Age |
| 22:49 | Build | Stone Wall |
| 23:52 | Build | Town Center |
| 24:05 | Research | Heavy Plow |
| 24:05 | Research | Heavy Plow |
| 24:11 | Research | Hand Cart |
| 24:14 | Create | Villager (Male) |
| 24:14 | Create | Villager (Male) |
| 24:15 | Create | Villager (Male) |
| 24:15 | Create | Villager (Male) |
| 24:55 | Create | Trade Cart |
| 24:55 | Create | Trade Cart |
| 24:55 | Create | Trade Cart |
| 25:18 | Create | Villager (Male) |
| 25:18 | Create | Villager (Male) |
| 25:19 | Create | Villager (Male) |
| 25:25 | Create | Villager (Male) |
| 25:26 | Create | Villager (Male) |
| 25:29 | Create | Villager (Male) |
| 25:29 | Create | Villager (Male) |
| 25:29 | Create | Villager (Male) |
| 26:00 | Create | Villager (Male) |
| 26:01 | Create | Villager (Male) |
| 26:01 | Create | Villager (Male) |
| 26:29 | Research | Bow Saw |
| 26:35 | Research | Gold Shaft Mining |
| 26:50 | Build | Barracks |
| 27:20 | Build | House |
| 27:38 | Create | Spearman |
| 27:38 | Create | Spearman |
| 27:38 | Create | Spearman |
| 27:38 | Create | Spearman |
| 27:38 | Create | Spearman |
| 27:39 | Create | Spearman |
| 27:41 | Build | Farm |
| 28:01 | Build | Farm |
| 28:02 | Build | Farm |
| 28:24 | Build | Farm |
| 28:27 | Build | Farm |
| 28:30 | Build | Farm |
| 28:32 | Build | Farm |
| 28:34 | Build | Farm |
| 28:36 | Build | Farm |
| 28:40 | Build | Farm |
| 29:23 | Build | Watch Tower |
| 30:32 | Build | Mining Camp |
| 31:24 | Build | Barracks |
| 32:00 | Research | Pikeman (upgrade) |
| 32:16 | Build | Mill |
| 33:02 | Build | Farm |
| 33:03 | Build | Farm |
| 33:25 | Create | Spearman |
| 33:25 | Create | Spearman |
| 33:25 | Create | Spearman |
| 33:25 | Create | Spearman |
| 33:38 | Build | Castle |
| 34:57 | Research | Man-at-Arms (upgrade) |
| 35:26 | Build | Lumber Camp |
| 36:13 | Build | Town Center |
| 37:38 | Create | Spearman |
| 37:38 | Create | Spearman |
| 37:39 | Create | Spearman |
| 37:39 | Create | Spearman |
| 37:39 | Create | Spearman |
Build order — Drex3968
147 actions detected in the replay
| 0:15 | Build | House |
| 0:18 | Build | House |
| 0:37 | Create | Villager (Male) |
| 0:37 | Create | Villager (Male) |
| 0:37 | Create | Villager (Male) |
| 0:38 | Create | Villager (Male) |
| 0:38 | Create | Villager (Male) |
| 2:27 | Create | Villager (Male) |
| 2:28 | Create | Villager (Male) |
| 2:58 | Create | Villager (Male) |
| 2:58 | Create | Villager (Male) |
| 3:39 | Build | Mill |
| 4:01 | Create | Villager (Male) |
| 4:24 | Create | Villager (Male) |
| 4:24 | Create | Villager (Male) |
| 5:57 | Build | House |
| 6:00 | Build | House |
| 6:06 | Create | Villager (Male) |
| 6:06 | Create | Villager (Male) |
| 7:50 | Build | Lumber Camp |
| 8:04 | Create | Villager (Male) |
| 8:05 | Create | Villager (Male) |
| 8:05 | Create | Villager (Male) |
| 8:26 | Create | Villager (Male) |
| 8:26 | Create | Villager (Male) |
| 10:54 | Research | Feudal Age |
| 11:18 | Research | Loom |
| 11:39 | Build | Mining Camp |
| 13:47 | Create | Villager (Male) |
| 13:47 | Create | Villager (Male) |
| 13:47 | Create | Villager (Male) |
| 13:47 | Create | Villager (Male) |
| 13:48 | Create | Villager (Male) |
| 14:17 | Build | Farm |
| 14:54 | Build | Blacksmith |
| 15:00 | Create | Villager (Male) |
| 15:00 | Create | Villager (Male) |
| 15:10 | Build | Farm |
| 15:15 | Build | Farm |
| 15:21 | Build | Farm |
| 15:26 | Build | Farm |
| 15:31 | Build | Farm |
| 15:37 | Build | Farm |
| 15:43 | Build | House |
| 15:46 | Build | House |
| 15:52 | Build | Barracks |
| 15:57 | Build | Farm |
| 16:03 | Build | Farm |
| 16:08 | Build | Farm |
| 16:32 | Build | Market |
| 16:47 | Build | Farm |
| 16:53 | Create | Villager (Male) |
| 16:53 | Create | Villager (Male) |
| 16:53 | Create | Villager (Male) |
| 16:53 | Create | Villager (Male) |
| 16:53 | Create | Villager (Male) |
| 16:58 | Create | Spearman |
| 16:58 | Create | Spearman |
| 16:58 | Create | Spearman |
| 17:28 | Create | Villager (Male) |
| 17:28 | Create | Villager (Male) |
| 17:29 | Create | Villager (Male) |
| 18:14 | Build | House |
| 18:19 | Build | House |
| 18:32 | Build | Farm |
| 18:35 | Create | Spearman |
| 18:35 | Create | Spearman |
| 18:36 | Create | Spearman |
| 19:19 | Create | Spearman |
| 19:19 | Create | Spearman |
| 19:32 | Build | House |
| 19:35 | Build | House |
| 19:46 | Create | Trade Cart |
| 19:46 | Create | Trade Cart |
| 19:47 | Create | Trade Cart |
| 21:59 | Research | Castle Age |
| 22:03 | Create | Spearman |
| 22:21 | Create | Trade Cart |
| 22:22 | Create | Trade Cart |
| 22:22 | Create | Trade Cart |
| 22:22 | Create | Trade Cart |
| 22:22 | Create | Trade Cart |
| 22:30 | Build | House |
| 22:34 | Build | House |
| 23:51 | Build | House |
| 24:33 | Build | Archery Range |
| 25:07 | Research | Double-Bit Axe |
| 25:34 | Build | Town Center |
| 25:38 | Research | Horse Collar |
| 25:46 | Create | Villager (Male) |
| 25:46 | Create | Villager (Male) |
| 25:46 | Create | Villager (Male) |
| 25:47 | Create | Villager (Male) |
| 25:47 | Create | Villager (Male) |
| 26:03 | Research | Bow Saw |
| 26:08 | Research | Squires |
| 26:34 | Build | Mining Camp |
| 26:46 | Research | Caravan |
| 26:53 | Build | House |
| 27:08 | Research | Wheelbarrow |
| 27:11 | Create | Villager (Male) |
| 27:11 | Create | Villager (Male) |
| 27:36 | Build | Lumber Camp |
| 27:50 | Create | Villager (Male) |
| 27:50 | Create | Villager (Male) |
| 27:50 | Create | Villager (Male) |
| 28:24 | Research | Gold Mining |
| 28:39 | Research | Stone Mining |
| 29:45 | Build | Castle |
| 29:57 | Build | University |
| 30:27 | Research | Heavy Plow |
| 30:48 | Research | Treadmill Crane |
| 31:00 | Build | Farm |
| 31:08 | Build | Farm |
| 31:13 | Build | Farm |
| 31:27 | Research | Thumb Ring |
| 31:38 | Create | Trade Cart |
| 31:38 | Create | Trade Cart |
| 31:45 | Create | Villager (Male) |
| 31:46 | Create | Villager (Male) |
| 31:46 | Create | Villager (Male) |
| 31:46 | Create | Villager (Male) |
| 31:46 | Create | Villager (Male) |
| 31:56 | Create | Janissary |
| 32:47 | Create | Janissary |
| 32:48 | Create | Janissary |
| 32:48 | Create | Janissary |
| 32:48 | Create | Janissary |
| 32:48 | Create | Janissary |
| 32:48 | Create | Janissary |
| 33:19 | Research | Ballistics |
| 33:32 | Research | Gold Shaft Mining |
| 34:16 | Research | Hand Cart |
| 34:32 | Create | Villager (Male) |
| 34:32 | Create | Villager (Male) |
| 34:32 | Create | Villager (Male) |
| 34:32 | Create | Villager (Male) |
| 34:33 | Create | Villager (Male) |
| 35:24 | Create | Villager (Male) |
| 35:24 | Create | Villager (Male) |
| 35:24 | Create | Villager (Male) |
| 35:24 | Create | Villager (Male) |
| 36:55 | Research | Imperial Age |
| 37:16 | Create | Janissary |
| 37:17 | Create | Janissary |
| 37:17 | Create | Janissary |
| 37:17 | Create | Janissary |
Build order — StebMasterG
119 actions detected in the replay
| 0:07 | Build | House |
| 0:10 | Build | House |
| 0:14 | Create | Villager (Male) ×4 |
| 0:14 | Create | Villager (Male) ×4 |
| 1:43 | Create | Villager (Male) |
| 1:50 | Research | Loom |
| 1:59 | Build | Lumber Camp |
| 2:04 | Create | Villager (Male) |
| 2:38 | Create | Villager (Male) |
| 2:38 | Create | Villager (Male) |
| 3:06 | Create | Villager (Male) |
| 3:30 | Create | Villager (Male) |
| 4:07 | Build | Mill |
| 4:11 | Create | Villager (Male) |
| 4:38 | Create | Villager (Male) |
| 4:45 | Build | House |
| 4:52 | Create | Villager (Male) |
| 5:29 | Create | Villager (Male) |
| 5:30 | Create | Villager (Male) |
| 5:54 | Create | Villager (Male) |
| 6:16 | Build | Mining Camp |
| 6:33 | Create | Villager (Male) |
| 6:41 | Build | House |
| 6:59 | Create | Villager (Male) |
| 7:36 | Build | Farm |
| 7:45 | Create | Villager (Male) |
| 7:57 | Build | Farm |
| 8:07 | Build | House |
| 8:43 | Build | Farm |
| 8:46 | Create | Villager (Male) |
| 9:11 | Create | Villager (Male) |
| 9:48 | Research | Feudal Age |
| 10:02 | Build | Barracks |
| 11:08 | Create | Militia |
| 11:09 | Create | Militia |
| 11:10 | Create | Militia |
| 11:15 | Build | House |
| 12:02 | Build | Archery Range |
| 12:20 | Create | Villager (Male) |
| 12:25 | Research | Man-at-Arms (upgrade) |
| 12:58 | Build | Blacksmith |
| 13:04 | Create | Archer ×4 |
| 13:46 | Create | Villager (Male) |
| 13:55 | Research | Forging |
| 13:57 | Research | Fletching |
| 14:09 | Build | Archery Range |
| 14:33 | Create | Villager (Male) |
| 14:55 | Build | Farm |
| 14:56 | Build | Farm |
| 15:22 | Create | Archer ×3 |
| 15:36 | Research | Padded Archer Armor |
| 15:59 | Create | Spearman |
| 16:00 | Create | Spearman |
| 16:06 | Build | Farm |
| 16:12 | Build | House |
| 17:09 | Create | Archer ×5 |
| 17:32 | Build | Farm |
| 17:44 | Build | Farm |
| 17:49 | Create | Villager (Male) |
| 17:55 | Build | House |
| 18:42 | Create | Archer ×4 |
| 19:39 | Create | Villager (Male) |
| 19:40 | Create | Villager (Male) |
| 19:40 | Create | Villager (Male) |
| 21:02 | Build | Watch Tower |
| 21:23 | Research | Castle Age |
| 21:27 | Build | Mining Camp |
| 21:41 | Create | Archer ×3 |
| 21:53 | Build | Lumber Camp |
| 21:55 | Research | Double-Bit Axe |
| 22:22 | Build | Stone Wall |
| 22:27 | Build | Palisade Wall |
| 24:08 | Research | Crossbowman (upgrade) |
| 24:15 | Create | Archer ×5 |
| 24:23 | Build | Stable |
| 24:53 | Create | Villager (Male) |
| 24:53 | Create | Villager (Male) |
| 24:58 | Create | Villager (Male) |
| 24:58 | Create | Villager (Male) |
| 24:59 | Create | Villager (Male) |
| 25:07 | Create | Archer ×5 |
| 25:18 | Build | Stable |
| 26:30 | Create | Camel Scout ×3 |
| 26:42 | Create | Villager (Male) |
| 26:43 | Create | Villager (Male) |
| 27:09 | Build | Town Center |
| 27:29 | Create | Camel Scout |
| 28:35 | Create | Camel Scout ×3 |
| 28:35 | Create | Camel Scout ×3 |
| 28:55 | Build | House |
| 28:59 | Build | Farm |
| 29:43 | Create | Archer ×5 |
| 30:03 | Create | Villager (Male) |
| 30:03 | Create | Villager (Male) |
| 30:17 | Create | Camel Scout ×2 |
| 30:27 | Build | Farm |
| 30:29 | Build | Farm |
| 30:30 | Build | Farm |
| 31:36 | Research | Bodkin Arrow |
| 31:41 | Build | Farm |
| 32:36 | Create | Villager (Male) |
| 32:37 | Create | Villager (Male) |
| 32:37 | Create | Villager (Male) |
| 32:38 | Create | Villager (Male) |
| 33:32 | Create | Camel Scout ×3 |
| 33:33 | Create | Camel Scout ×3 |
| 33:37 | Create | Archer ×5 |
| 33:37 | Create | Archer ×5 |
| 34:55 | Build | Farm |
| 34:58 | Build | Farm |
| 35:00 | Build | Farm |
| 35:03 | Build | Farm |
| 35:05 | Create | Villager (Male) |
| 35:06 | Create | Villager (Male) |
| 35:06 | Create | Villager (Male) |
| 35:19 | Build | Castle |
| 35:59 | Build | Siege Workshop |
| 36:16 | Research | Bow Saw |
| 37:17 | Build | Lumber Camp |
Build order — Wilson Winston
148 actions detected in the replay
| 0:09 | Build | House |
| 0:10 | Create | Villager (Male) |
| 0:12 | Build | House |
| 0:13 | Create | Villager (Male) |
| 0:14 | Create | Villager (Male) |
| 0:14 | Create | Villager (Male) |
| 0:22 | Build | House |
| 1:43 | Create | Villager (Male) |
| 2:11 | Create | Villager (Male) |
| 2:37 | Create | Villager (Male) |
| 2:52 | Build | Mill |
| 3:14 | Create | Villager (Male) |
| 3:19 | Create | Villager (Male) |
| 3:49 | Create | Villager (Male) |
| 4:43 | Create | Villager (Male) |
| 5:40 | Create | Villager (Male) |
| 6:13 | Create | Villager (Male) |
| 6:14 | Create | Villager (Male) |
| 6:46 | Create | Villager (Male) |
| 7:09 | Create | Villager (Male) |
| 7:11 | Create | Villager (Male) |
| 7:11 | Create | Villager (Male) |
| 8:12 | Build | House |
| 8:14 | Build | House |
| 8:16 | Build | House |
| 8:50 | Build | Lumber Camp |
| 9:09 | Build | Mining Camp |
| 9:36 | Create | Villager (Male) |
| 9:46 | Build | Farm |
| 9:46 | Build | Farm |
| 9:46 | Build | Farm |
| 9:47 | Build | Farm |
| 9:47 | Build | Farm |
| 9:47 | Build | Farm |
| 9:50 | Create | Villager (Male) |
| 9:53 | Research | Feudal Age |
| 10:45 | Build | Mining Camp |
| 12:36 | Age | Feudal Age |
| 12:46 | Create | Villager (Male) |
| 13:07 | Create | Villager (Male) |
| 13:19 | Build | Barracks |
| 13:22 | Build | Barracks |
| 13:23 | Build | Barracks |
| 13:40 | Create | Villager (Male) |
| 13:44 | Build | House |
| 13:45 | Build | House |
| 13:47 | Build | House |
| 14:20 | Create | Villager (Male) |
| 14:21 | Create | Villager (Male) |
| 14:26 | Research | Man-at-Arms (upgrade) |
| 14:28 | Research | Arson |
| 14:30 | Create | Militia |
| 14:30 | Create | Militia |
| 14:42 | Build | Blacksmith |
| 15:03 | Create | Militia |
| 15:03 | Create | Militia |
| 15:04 | Create | Militia |
| 15:16 | Build | Farm |
| 15:16 | Build | Farm |
| 15:17 | Build | Farm |
| 15:32 | Build | Lumber Camp |
| 16:05 | Build | Farm |
| 17:00 | Research | Forging |
| 17:01 | Research | Scale Mail Armor |
| 17:03 | Create | Villager (Male) |
| 17:04 | Create | Villager (Male) |
| 17:11 | Build | Farm |
| 17:56 | Create | Villager (Male) |
| 18:04 | Build | Farm |
| 18:07 | Build | Farm |
| 18:09 | Build | Farm |
| 18:13 | Create | Villager (Male) |
| 18:48 | Create | Militia |
| 18:48 | Create | Militia |
| 18:48 | Create | Militia |
| 18:48 | Create | Militia |
| 19:01 | Create | Militia |
| 19:02 | Create | Militia |
| 19:02 | Create | Militia |
| 19:06 | Build | Farm |
| 19:14 | Create | Villager (Male) |
| 19:55 | Build | Barracks |
| 20:00 | Build | Barracks |
| 20:05 | Create | Villager (Male) |
| 21:13 | Create | Militia ×5 |
| 21:13 | Create | Militia ×5 |
| 21:13 | Create | Militia ×2 |
| 21:27 | Create | Militia |
| 21:44 | Build | Market |
| 21:50 | Create | Villager (Male) |
| 21:51 | Create | Villager (Male) |
| 23:51 | Build | Watch Tower |
| 24:14 | Create | Villager (Male) |
| 24:15 | Create | Villager (Male) |
| 24:36 | Create | Villager (Male) |
| 24:36 | Create | Villager (Male) |
| 24:58 | Build | Market |
| 25:03 | Create | Villager (Male) |
| 25:48 | Build | Mill |
| 25:53 | Build | Farm |
| 25:53 | Build | Farm |
| 25:53 | Build | Farm |
| 25:54 | Build | Farm |
| 26:26 | Build | Watch Tower |
| 26:38 | Research | Castle Age |
| 27:00 | Create | Militia |
| 27:01 | Create | Militia |
| 27:28 | Create | Militia ×3 |
| 27:45 | Build | Watch Tower |
| 28:27 | Create | Militia |
| 28:27 | Create | Militia |
| 28:28 | Create | Militia |
| 29:18 | Age | Castle Age |
| 29:22 | Research | Squires |
| 29:24 | Create | Militia ×5 |
| 29:24 | Create | Militia ×5 |
| 29:50 | Create | Trade Cart ×5 |
| 29:51 | Create | Trade Cart ×5 |
| 30:53 | Build | Castle |
| 31:00 | Create | Villager (Male) |
| 31:01 | Create | Villager (Male) |
| 31:01 | Create | Villager (Male) |
| 32:23 | Create | Spearman ×5 |
| 32:24 | Create | Militia ×5 |
| 32:24 | Create | Spearman ×5 |
| 33:07 | Create | Villager (Male) |
| 34:03 | Create | Villager (Male) |
| 34:04 | Create | Villager (Male) |
| 34:04 | Create | Villager (Male) |
| 34:04 | Create | Villager (Male) |
| 34:33 | Build | Watch Tower |
| 35:26 | Research | Horse Collar |
| 36:30 | Build | Stable |
| 36:32 | Build | Stable |
| 36:33 | Build | Stable |
| 36:39 | Create | Petard |
| 36:40 | Create | Petard |
| 36:40 | Create | Petard |
| 36:40 | Create | Petard |
| 36:41 | Create | Petard |
| 36:41 | Create | Petard |
| 36:41 | Create | Petard |
| 36:42 | Create | Petard |
| 36:42 | Create | Petard |
| 37:00 | Research | Heavy Plow |
| 37:10 | Create | Villager (Male) |
| 37:11 | Create | Villager (Male) |
| 37:38 | Create | Battle Elephant |
Build order — gubii
First 150 of 223 actions detected
| 0:07 | Create | Villager (Male) |
| 0:07 | Create | Villager (Male) |
| 0:07 | Create | Villager (Male) |
| 0:12 | Build | House |
| 0:16 | Build | House |
| 0:56 | Research | Loom |
| 1:18 | Build | Lumber Camp |
| 1:36 | Create | Villager (Male) |
| 1:36 | Create | Villager (Male) |
| 1:37 | Create | Villager (Male) |
| 2:37 | Create | Villager (Male) |
| 2:37 | Create | Villager (Male) |
| 2:57 | Create | Villager (Male) |
| 2:57 | Create | Villager (Male) |
| 2:57 | Create | Villager (Male) |
| 2:57 | Create | Villager (Male) |
| 3:27 | Build | House |
| 3:38 | Create | Villager (Male) |
| 3:38 | Create | Villager (Male) |
| 3:38 | Create | Villager (Male) |
| 4:06 | Create | Villager (Male) |
| 4:06 | Create | Villager (Male) |
| 4:07 | Create | Villager (Male) |
| 5:17 | Build | Mill |
| 5:41 | Create | Villager (Male) |
| 5:41 | Create | Villager (Male) |
| 5:50 | Build | House |
| 5:58 | Create | Villager (Male) |
| 5:58 | Create | Villager (Male) |
| 6:29 | Create | Villager (Male) |
| 6:29 | Create | Villager (Male) |
| 6:50 | Create | Villager (Male) |
| 6:50 | Create | Villager (Male) |
| 7:31 | Create | Villager (Male) |
| 7:31 | Create | Villager (Male) |
| 7:31 | Create | Villager (Male) |
| 7:43 | Build | House |
| 8:19 | Create | Villager (Male) |
| 8:25 | Build | House |
| 9:13 | Build | Mining Camp |
| 9:27 | Create | Villager (Male) |
| 9:27 | Create | Villager (Male) |
| 9:44 | Build | House |
| 9:47 | Build | House |
| 10:23 | Create | Villager (Male) |
| 10:42 | Build | House |
| 10:46 | Build | House |
| 11:01 | Research | Feudal Age |
| 11:32 | Build | Mining Camp |
| 11:45 | Build | Barracks |
| 12:57 | Build | Lumber Camp |
| 13:08 | Build | House |
| 13:12 | Build | House |
| 13:16 | Build | House |
| 13:41 | Age | Feudal Age |
| 13:46 | Build | Archery Range |
| 13:50 | Create | Eagle Scout |
| 13:50 | Create | Eagle Scout |
| 14:07 | Build | Blacksmith |
| 14:10 | Build | House |
| 14:14 | Build | House |
| 14:18 | Create | Villager (Male) |
| 14:19 | Create | Villager (Male) |
| 14:19 | Create | Villager (Male) |
| 14:27 | Build | Farm |
| 14:47 | Build | Farm |
| 14:59 | Research | Double-Bit Axe |
| 15:39 | Build | Farm |
| 15:46 | Build | Farm |
| 15:54 | Build | Barracks |
| 15:59 | Research | Scale Mail Armor |
| 15:59 | Research | Forging |
| 16:09 | Build | Farm |
| 16:14 | Build | Archery Range |
| 16:23 | Create | Villager (Male) |
| 16:23 | Create | Villager (Male) |
| 16:37 | Build | Farm |
| 16:44 | Build | Farm |
| 17:27 | Build | Market |
| 17:39 | Build | Farm |
| 18:03 | Build | Archery Range |
| 18:18 | Build | Farm |
| 18:37 | Build | Lumber Camp |
| 19:19 | Create | Trade Cart |
| 19:20 | Create | Trade Cart |
| 19:37 | Build | Stone Wall |
| 19:57 | Build | Farm |
| 20:01 | Research | Castle Age |
| 20:24 | Build | House |
| 20:40 | Build | Farm |
| 20:49 | Build | Building 490 |
| 21:35 | Create | Eagle Scout |
| 21:35 | Create | Eagle Scout |
| 21:35 | Create | Eagle Scout |
| 21:38 | Create | Eagle Scout |
| 21:38 | Create | Eagle Scout |
| 21:38 | Create | Eagle Scout |
| 21:39 | Create | Eagle Scout |
| 21:39 | Create | Eagle Scout |
| 21:49 | Build | House |
| 21:53 | Build | House |
| 22:23 | Research | Arson |
| 22:34 | Create | Trade Cart |
| 22:34 | Create | Trade Cart |
| 22:41 | Age | Castle Age |
| 22:42 | Research | Horse Collar |
| 22:44 | Research | Bow Saw |
| 22:52 | Build | Town Center |
| 22:56 | Create | Villager (Male) |
| 22:56 | Create | Villager (Male) |
| 22:56 | Create | Villager (Male) |
| 22:57 | Create | Villager (Male) |
| 22:57 | Create | Villager (Male) |
| 23:13 | Build | Market |
| 23:22 | Research | Squires |
| 24:08 | Build | Town Center |
| 24:16 | Build | Farm |
| 24:22 | Build | Farm |
| 24:35 | Create | Eagle Scout |
| 24:35 | Create | Eagle Scout |
| 25:21 | Build | Farm |
| 25:24 | Research | Wheelbarrow |
| 25:25 | Create | Villager (Male) |
| 25:26 | Create | Villager (Male) |
| 25:26 | Create | Villager (Male) |
| 25:36 | Create | Villager (Male) |
| 25:36 | Create | Villager (Male) |
| 25:44 | Build | Farm |
| 26:09 | Build | House |
| 26:14 | Build | House |
| 26:24 | Research | Caravan |
| 26:24 | Create | Trade Cart |
| 26:27 | Create | Trade Cart |
| 26:41 | Build | Town Center |
| 27:10 | Build | Stone Wall |
| 27:24 | Create | Villager (Male) |
| 27:24 | Create | Villager (Male) |
| 27:25 | Create | Villager (Male) |
| 27:25 | Create | Villager (Male) |
| 27:25 | Create | Villager (Male) |
| 27:37 | Build | Farm |
| 27:43 | Build | Farm |
| 27:50 | Build | Farm |
| 27:57 | Build | Farm |
| 28:02 | Build | Farm |
| 28:10 | Build | Farm |
| 28:18 | Build | Farm |
| 28:20 | Create | Villager (Male) |
| 28:21 | Create | Villager (Male) |
| 28:21 | Create | Villager (Male) |
Build order — Renju94
147 actions detected in the replay
| 0:05 | Build | House |
| 0:06 | Build | House |
| 0:09 | Create | Villager (Male) ×4 |
| 0:09 | Create | Villager (Male) ×4 |
| 1:35 | Create | Villager (Male) |
| 1:35 | Create | Villager (Male) |
| 2:17 | Create | Villager (Male) |
| 2:18 | Create | Villager (Male) |
| 3:04 | Create | Villager (Male) |
| 3:04 | Create | Villager (Male) |
| 3:15 | Build | House |
| 3:45 | Create | Villager (Male) |
| 3:54 | Build | Mill |
| 4:03 | Create | Villager (Male) |
| 4:04 | Create | Villager (Male) |
| 4:04 | Create | Villager (Male) |
| 5:02 | Create | Villager (Male) |
| 5:12 | Create | Villager (Male) |
| 5:46 | Create | Villager (Male) |
| 5:56 | Build | House |
| 6:10 | Create | Villager (Male) |
| 6:42 | Create | Villager (Male) |
| 6:58 | Create | Villager (Male) |
| 7:13 | Build | Lumber Camp |
| 7:19 | Create | Villager (Male) |
| 7:56 | Research | Loom |
| 8:41 | Research | Feudal Age |
| 9:12 | Build | House |
| 9:21 | Build | House |
| 10:19 | Create | Villager (Male) |
| 10:19 | Create | Villager (Male) |
| 10:51 | Age | Feudal Age |
| 10:52 | Research | Double-Bit Axe |
| 10:52 | Research | Double-Bit Axe |
| 10:57 | Research | Horse Collar |
| 11:33 | Build | Farm |
| 11:34 | Build | Farm |
| 11:35 | Build | Farm |
| 11:35 | Build | Farm |
| 11:36 | Build | Farm |
| 11:54 | Build | Farm |
| 11:57 | Create | Villager (Male) ×5 |
| 12:34 | Build | Farm |
| 12:35 | Build | Farm |
| 13:19 | Create | Villager (Male) |
| 13:28 | Build | Mining Camp |
| 13:52 | Build | Farm |
| 13:52 | Build | Farm |
| 13:53 | Build | Farm |
| 13:53 | Build | Farm |
| 13:53 | Build | Farm |
| 14:04 | Create | Villager (Male) |
| 14:05 | Create | Villager (Male) |
| 14:19 | Build | House |
| 14:21 | Build | House |
| 14:37 | Build | Farm |
| 14:42 | Build | Farm |
| 14:56 | Create | Villager (Male) |
| 15:11 | Build | Barracks |
| 15:29 | Research | Gold Mining |
| 15:56 | Create | Villager (Male) |
| 16:12 | Build | Blacksmith |
| 16:27 | Build | Market |
| 16:32 | Create | Villager (Male) |
| 16:32 | Create | Villager (Male) |
| 17:10 | Create | Villager (Male) |
| 17:16 | Research | Stone Mining |
| 17:25 | Build | Mining Camp |
| 17:43 | Create | Villager (Male) |
| 18:02 | Research | Castle Age |
| 19:38 | Build | Archery Range |
| 20:24 | Create | Villager (Male) |
| 20:24 | Create | Villager (Male) |
| 20:52 | Age | Castle Age |
| 20:54 | Create | Villager (Male) |
| 20:58 | Research | Bow Saw |
| 21:02 | Research | Gold Shaft Mining |
| 21:14 | Build | Archery Range |
| 21:49 | Build | Stone Wall |
| 21:56 | Create | Villager (Male) |
| 21:56 | Create | Villager (Male) |
| 22:18 | Research | Heavy Plow |
| 22:24 | Research | Stone Shaft Mining |
| 22:35 | Build | Stable |
| 22:40 | Create | Villager (Male) |
| 22:51 | Build | Monastery |
| 23:10 | Build | Building 673 |
| 23:18 | Build | Stone Wall |
| 23:22 | Create | Villager (Male) |
| 23:22 | Create | Villager (Male) |
| 23:31 | Create | Monk |
| 23:31 | Create | Monk |
| 23:32 | Create | Monk |
| 23:51 | Create | Villager (Male) |
| 24:02 | Create | Trade Cart ×5 |
| 24:17 | Build | House |
| 24:18 | Build | House |
| 24:47 | Create | Villager (Male) |
| 24:47 | Create | Villager (Male) |
| 25:08 | Build | Town Center |
| 25:24 | Create | Villager (Male) |
| 25:24 | Create | Villager (Male) |
| 26:10 | Create | Villager (Male) |
| 26:10 | Create | Villager (Male) |
| 26:40 | Build | Stable |
| 26:57 | Create | Spearman ×5 |
| 27:06 | Research | Forging |
| 27:07 | Research | Scale Mail Armor |
| 27:16 | Build | Barracks |
| 27:41 | Build | Barracks |
| 27:56 | Create | Villager (Male) ×5 |
| 28:12 | Build | Barracks |
| 28:47 | Create | Camel Scout ×5 |
| 28:51 | Create | Camel Scout ×5 |
| 29:07 | Research | Scale Barding Armor |
| 29:34 | Build | Castle |
| 29:49 | Build | Siege Workshop |
| 29:52 | Create | Villager (Male) ×5 |
| 30:19 | Research | Chain Barding Armor |
| 30:20 | Research | Iron Casting |
| 30:31 | Create | Armored Elephant |
| 30:31 | Create | Armored Elephant |
| 31:07 | Create | Armored Elephant |
| 31:22 | Create | Villager (Male) |
| 31:23 | Create | Villager (Male) |
| 31:23 | Create | Villager (Male) |
| 31:28 | Create | Villager (Male) |
| 31:46 | Create | Camel Scout ×2 |
| 31:46 | Create | Camel Scout ×2 |
| 32:50 | Research | Chain Mail Armor |
| 32:55 | Create | Villager (Male) ×5 |
| 33:12 | Create | Armored Elephant |
| 33:21 | Build | Siege Workshop |
| 34:03 | Create | Armored Elephant |
| 34:31 | Build | Mining Camp |
| 34:59 | Create | Elephant Archer ×5 |
| 35:02 | Create | Villager (Male) ×2 |
| 35:07 | Build | Mill |
| 35:09 | Build | Farm |
| 35:09 | Build | Farm |
| 35:10 | Build | Farm |
| 35:10 | Build | Farm |
| 35:10 | Build | Farm |
| 35:10 | Build | Farm |
| 35:32 | Create | Villager (Male) |
| 35:33 | Create | Villager (Male) |
| 37:30 | Create | Villager (Male) ×5 |
Build order — Feed Me
First 150 of 239 actions detected
| 0:00 | Create | Villager (Male) |
| 0:01 | Create | Villager (Male) |
| 0:01 | Create | Villager (Male) |
| 0:03 | Build | House |
| 0:05 | Build | House |
| 0:06 | Create | Villager (Male) |
| 0:06 | Create | Villager (Male) |
| 0:06 | Create | Villager (Male) |
| 1:24 | Create | Villager (Male) |
| 1:24 | Create | Villager (Male) |
| 2:02 | Create | Villager (Male) |
| 2:27 | Create | Villager (Male) |
| 2:27 | Create | Villager (Male) |
| 2:52 | Create | Villager (Male) |
| 2:53 | Create | Villager (Male) |
| 3:16 | Create | Villager (Male) |
| 3:16 | Create | Villager (Male) |
| 3:16 | Create | Villager (Male) |
| 3:43 | Create | Villager (Male) |
| 3:43 | Create | Villager (Male) |
| 4:23 | Build | Mill |
| 4:27 | Create | Villager (Male) |
| 4:27 | Create | Villager (Male) |
| 4:36 | Build | Lumber Camp |
| 5:00 | Create | Villager (Male) |
| 5:00 | Create | Villager (Male) |
| 5:07 | Build | House |
| 5:30 | Research | Loom |
| 5:45 | Build | House |
| 5:46 | Build | House |
| 6:01 | Build | House |
| 6:04 | Build | House |
| 6:09 | Build | Mill |
| 6:18 | Create | Villager (Male) |
| 6:18 | Create | Villager (Male) |
| 6:18 | Create | Villager (Male) |
| 6:20 | Create | Villager (Male) |
| 6:20 | Create | Villager (Male) |
| 6:23 | Create | Villager (Male) |
| 6:24 | Create | Villager (Male) |
| 7:07 | Build | Palisade Gate |
| 7:12 | Build | Palisade Wall |
| 7:16 | Build | Palisade Wall |
| 7:18 | Build | Palisade Wall |
| 7:38 | Build | House |
| 7:40 | Build | House |
| 7:45 | Build | Palisade Wall |
| 7:46 | Build | Palisade Wall |
| 7:49 | Build | Palisade Wall |
| 7:52 | Build | Palisade Wall |
| 7:53 | Create | Villager (Male) |
| 7:53 | Create | Villager (Male) |
| 8:12 | Build | Palisade Gate |
| 8:13 | Create | Villager (Male) |
| 8:13 | Create | Villager (Male) |
| 8:14 | Create | Villager (Male) |
| 8:26 | Build | Farm |
| 8:44 | Create | Villager (Male) |
| 8:44 | Create | Villager (Male) |
| 8:53 | Build | Farm |
| 8:55 | Build | House |
| 9:04 | Create | Villager (Male) |
| 9:04 | Create | Villager (Male) |
| 9:18 | Build | Farm |
| 9:32 | Build | Lumber Camp |
| 9:42 | Build | Farm |
| 10:14 | Build | Mining Camp |
| 10:37 | Create | Villager (Male) |
| 11:06 | Build | Farm |
| 11:32 | Research | Feudal Age |
| 11:32 | Research | Feudal Age |
| 11:43 | Build | Mining Camp |
| 12:29 | Create | Villager (Male) |
| 12:29 | Create | Villager (Male) |
| 12:30 | Create | Villager (Male) |
| 12:30 | Create | Villager (Male) |
| 12:30 | Create | Villager (Male) |
| 13:08 | Build | Farm |
| 13:42 | Age | Feudal Age |
| 13:42 | Research | Double-Bit Axe |
| 13:43 | Research | Double-Bit Axe |
| 13:44 | Research | Horse Collar |
| 13:45 | Research | Horse Collar |
| 13:48 | Research | Stone Mining |
| 14:25 | Build | Market |
| 14:28 | Build | House |
| 14:51 | Create | Villager (Male) |
| 14:51 | Create | Villager (Male) |
| 14:51 | Create | Villager (Male) |
| 14:52 | Create | Villager (Male) |
| 15:08 | Build | Farm |
| 15:33 | Build | Town Center |
| 15:46 | Build | Blacksmith |
| 15:59 | Build | Farm |
| 16:01 | Build | Farm |
| 16:03 | Create | Villager (Male) |
| 16:08 | Research | Wheelbarrow |
| 16:09 | Create | Villager (Male) |
| 16:30 | Build | Farm |
| 17:22 | Build | Lumber Camp |
| 17:32 | Create | Villager (Male) |
| 18:22 | Create | Villager (Male) |
| 18:23 | Create | Villager (Male) |
| 18:25 | Create | Villager (Male) |
| 18:26 | Create | Villager (Male) |
| 18:33 | Create | Villager (Male) |
| 18:53 | Build | Farm |
| 19:02 | Create | Villager (Male) |
| 19:03 | Create | Villager (Male) |
| 19:08 | Build | Farm |
| 19:24 | Build | Farm |
| 19:41 | Build | Barracks |
| 19:44 | Build | Farm |
| 19:47 | Create | Villager (Male) |
| 19:47 | Create | Villager (Male) |
| 20:14 | Build | Lumber Camp |
| 20:22 | Create | Villager (Male) |
| 20:23 | Create | Villager (Male) |
| 20:35 | Build | Siege Workshop |
| 20:44 | Build | Building 800 |
| 20:52 | Create | Villager (Male) |
| 20:52 | Create | Villager (Male) |
| 21:42 | Research | Castle Age |
| 21:57 | Create | Militia |
| 22:04 | Create | Villager (Male) |
| 22:20 | Create | Villager (Male) |
| 22:41 | Build | Stable |
| 22:42 | Build | Stable |
| 22:50 | Build | House |
| 22:52 | Build | House |
| 22:55 | Build | House |
| 22:57 | Build | House |
| 22:59 | Build | House |
| 23:12 | Create | Villager (Male) |
| 23:12 | Create | Villager (Male) |
| 23:12 | Create | Villager (Male) |
| 23:19 | Create | Villager (Male) |
| 24:22 | Age | Castle Age |
| 24:32 | Build | Stable |
| 24:39 | Create | Knight |
| 24:39 | Create | Knight |
| 24:57 | Build | Castle |
| 25:12 | Create | Knight |
| 25:12 | Create | Knight |
| 25:16 | Create | Villager (Male) |
| 25:16 | Create | Villager (Male) |
| 25:16 | Create | Villager (Male) |
| 25:16 | Create | Villager (Male) |
| 25:25 | Create | Villager (Male) |
| 25:43 | Create | Villager (Male) |
Match timeline
| 7:12 | Feed Me · wall_segment Palisade Wall x5 |
| 7:16 | Feed Me · wall_segment Palisade Wall x4 |
| 7:18 | Feed Me · wall_segment Palisade Wall x1 |
| 7:45 | Feed Me · wall_segment Palisade Wall x1 |
| 7:46 | Feed Me · wall_segment Palisade Wall x1 |
| 7:49 | Feed Me · wall_segment Palisade Wall x8 |
| 7:52 | Feed Me · wall_segment Palisade Wall x4 |
| 8:19 | Julitros · first_building Barracks |
| 10:02 | StebMasterG · first_building Barracks |
| 10:51 | Renju94 · age_up feudal |
| 11:13 | Julitros · age_up feudal |
| 11:45 | gubii · first_building Barracks |
| 12:02 | StebMasterG · first_building Archery Range |
| 12:36 | Wilson Winston · age_up feudal |
| 13:19 | Wilson Winston · first_building Barracks |
| 13:20 | BIperx · age_up feudal |
| 13:41 | gubii · age_up feudal |
| 13:42 | Feed Me · age_up feudal |
| 13:46 | gubii · first_building Archery Range |
| 15:11 | Renju94 · first_building Barracks |
| 15:52 | Drex3968 · first_building Barracks |
| 17:19 | Feed Me · first_market_buy 100 wood |
| 18:15 | BIperx · wall_segment Stone Wall x13 |
| 19:37 | gubii · wall_segment Stone Wall x15 |
| 19:38 | Renju94 · first_building Archery Range |
| 19:41 | Feed Me · first_building Barracks |
| 20:30 | BIperx · wall_segment Stone Wall x7 |
| 20:35 | Feed Me · first_building Siege Workshop |
| 20:52 | Renju94 · age_up castle |
| 21:32 | Feed Me · first_market_sell 100 wood |
| 21:49 | Renju94 · wall_segment Stone Wall x7 |
| 22:22 | StebMasterG · wall_segment Stone Wall x3 |
| 22:27 | StebMasterG · wall_segment Palisade Wall x3 |
| 22:30 | BIperx · wall_segment Stone Wall x4 |
| 22:35 | Renju94 · first_building Stable |
| 22:41 | gubii · age_up castle |
| 22:41 | Feed Me · first_building Stable |
| 22:42 | BIperx · age_up castle |
| 22:49 | BIperx · wall_segment Stone Wall x1 |
| 22:51 | Renju94 · first_building Monastery |
| 23:18 | Renju94 · wall_segment Stone Wall x1 |
| 23:35 | BIperx · first_market_buy 100 stone |
| 23:38 | BIperx · first_market_sell 100 food |
| 24:22 | Feed Me · age_up castle |
| 24:23 | StebMasterG · first_building Stable |
| 24:33 | Drex3968 · first_building Archery Range |
| 24:57 | Feed Me · first_building Castle |
| 26:50 | BIperx · first_building Barracks |
| 27:10 | gubii · wall_segment Stone Wall x9 |
| 29:04 | gubii · wall_segment Stone Wall x11 |
| 29:10 | Drex3968 · first_market_sell 100 wood |
| 29:13 | Drex3968 · first_market_buy 100 stone |
| 29:18 | Wilson Winston · age_up castle |
| 29:34 | Renju94 · first_building Castle |
| 29:45 | Drex3968 · first_building Castle |
| 29:49 | Renju94 · first_building Siege Workshop |
| 29:58 | Julitros · age_up castle |
| 30:53 | Wilson Winston · first_building Castle |
| 31:52 | gubii · wall_segment Stone Wall x9 |
| 32:42 | gubii · first_building Monastery |
| 33:38 | BIperx · first_building Castle |
| 34:14 | gubii · first_building Castle |
| 35:19 | StebMasterG · first_building Castle |
| 35:59 | StebMasterG · first_building Siege Workshop |
| 36:30 | Wilson Winston · first_building Stable |
| 37:42 | Julitros · resign |
[ AI ANALYSIS · 1 CREDIT ]
What really happened in this match?
Wolo.gg analyzes every decision: build order, eco, micro, common mistakes by bracket. Personalized analysis on WhatsApp or Discord in 30 seconds.
Civ guide
Dravidians
Perfil
Jugador #1175438